 Dungeon Crawl Stone Soup version 0.26-a0-1129-gc5df7fbe6a (webtiles) character file.

Game seed: 17206413731965973677

31 wythoutpain the Sneak (level 3, 0/16 HPs)
             Began as a Spriggan Enchanter on Dec 18, 2020.
             Killed by nerve-wracking pain
             ... invoked by Jessica
              (14 damage)
             ... on level 2 of the Dungeon.
             The game lasted 00:14:13 (1542 turns).

wythoutpain the Sneak (Spriggan Enchanter)          Turns: 1542, Time: 00:14:13

Health: 0/16       AC:  2    Str:  5    XL:     3   Next: 7%
Magic:  5/8        EV: 19    Int: 16    God:
Gold:   49         SH:  0    Dex: 16    Spells: 6/7 levels left

rFire    . . .     SeeInvis +   c - +0 hunting sling
rCold    . . .     Faith    .   (shield restricted)
rNeg     . . .     Spirit   .   b - +0 robe
rPois    .         Reflect  .   (helmet restricted)
rElec    .         Harm     .   (no cloak)
rCorr    .         Rampage  .   (gloves unavailable)
Will     .....                  (boots unavailable)
Stlth    +++.......             (no amulet)
HPRegen  0.05/turn              (no ring)
MPRegen  0.11/turn              (no ring)

@: very quick
A: very small, unfitting armour, see invisible, speed 3
a: no special abilities


You were on level 2 of the Dungeon.
You visited 1 branch of the dungeon, and saw 2 of its levels.

You collected 49 gold pieces.

Inventory:

Hand Weapons
 a - a +1 dagger
 c - a +0 hunting sling (weapon)
 j - a +0 dagger of holy wrath
Missiles
 f - 20 stones (quivered ammo)
 k - 9 poisoned darts
Armour
 b - a +0 robe (worn)
Jewellery
 g - an uncursed ring of ice {unknown}
Scrolls
 d - a scroll of remove curse {unknown}
 l - a scroll of identify {unknown}
Potions
 e - a potion of berserk rage {unknown}
 h - a potion of curing {unknown}
 i - a potion of resistance {unknown}
 m - a potion of flight {unknown}


   Skills:
 + Level 1.1 Short Blades
 + Level 3.5 Dodging
 + Level 5.1 Stealth
 + Level 2.8 Spellcasting
 + Level 4.2 Hexes


You had 6 spell levels left.
You knew the following spells:

 Your Spells              Type           Power        Failure   Level
a - Corona                Hex            17%          3%          1

Your spell library contained the following spells:

 Spells                   Type           Power        Failure   Level
 Confusing Touch          Hex            16%          10%         3
 Tukima's Dance           Hex            16%          10%         3
 Ensorcelled Hibernation  Hex/Ice        18%          12%         2
 Dazzling Flash           Conj/Hex       18%          24%         3


Dungeon Overview and Level Annotations

Branches:
Dungeon (2/15)

Altars:
Fedhas

Annotations:
D:2 Jessica


Innate Abilities, Weirdness & Mutations

You are very small and have problems with some larger weapons.
You are too small for most types of armour.
You have supernaturally acute eyesight. (SInv)
You cover ground extremely quickly.


Message History

The kobold completely misses you.
You hit the kobold.
You kill the kobold!
c - a +0 hunting sling (weapon)
Fire: 22 stones
Press: ? - help, Q - select action, (/) - cycle Shift-Dir - straight line, f - Jessica
Aim: Jessica, wearing a +0 robe (almost dead, strong)
You shoot a stone. The stone barely misses Jessica.
Jessica closely misses you.
Fire: 21 stones
Press: ? - help, Q - select action, (/) - cycle Shift-Dir - straight line, f/p - Jessica
Aim: Jessica, wearing a +0 robe (almost dead, strong)
You shoot a stone.
The stone hits Jessica but does no damage.
Jessica is almost dead.
You see here a stone.
Jessica points at you and mumbles some strange words.
Pain shoots through your body!
Ouch! That really hurt!
You die...

####### ##.....# #
#..≈≈≈≈## ..
#..≈_...# ...##
..≈≈≈.(### .....
≈..≈(.>###..
......####.(.......
.......@..@....#
.....#.###.....#
...###.##......#
.......†(†.<.(.#
.K.####)#.....#
#.#...).#
#.###.####
#..(.....#
#(.(.....#


You could see Jessica (strong).

Vanquished Creatures
  An ooze (D:1)
  A dart slug (D:1)
  A leopard gecko (D:1)
  A giant cockroach (D:1)
  2 goblins (D:1)
  3 hobgoblins (D:1)
  6 kobolds
  A ball python (D:1)
  4 bats (D:1)
  A frilled lizard (D:1)
  3 rats
24 creatures vanquished.

Notes
Turn   | Place    | Note
-------+----------+-------------------------------------------
     0 | D:1      | wythoutpain the Spriggan Enchanter began the quest for the
                  | Orb.
     0 | D:1      | Reached XP level 1. HP: 9/9 MP: 5/5
   351 | D:1      | Reached XP level 2. HP: 3/13 MP: 1/6
   761 | D:1      | Reached skill level 5 in Stealth
  1462 | D:2      | Found a blossoming altar of Fedhas.
  1473 | D:2      | Reached XP level 3. HP: 15/16 MP: 5/8
  1502 | D:2      | Noticed Jessica
  1542 | D:2      | Killed from afar by Jessica

Illustrated notes

Levels and vault maps discovered:
D:1:      kennysheep_arrival_forest, layout_loops_corners, minmay_door_square,
          minmay_misc_feat_chi
D:2:      layout_rooms, lemuel_round_altar, fedhas_altar_2,
          uniq_crazy_yiuf_cottage, uniq_jessica, uniq_natasha

Skill      XL: |  1  2 |
---------------+-------+-----
Hexes          | 4 |  4.2
Stealth        | 5 |  5.1
Short Blades   | |  1.1
Dodging        | |  3.5
Spellcasting   | |  2.8

Action                   || total
-------------------------++-------
Melee: Dagger            ||    75
 Fire: Hunting sling     ||    22
 Cast: Corona            ||    30
 Stab: Sleeping          ||    12
Armor: Robe              ||     2
Dodge: Dodged            ||    54

Table legend: (Time is in decaauts)
 A = Elapsed time spent in this place.
 B = Non-inter-level travel time spent in this place.
 C = Inter-level travel time spent in this place.
 D = Time resting spent in this place.
 E = Time spent auto-exploring this place.
 F = Levels seen in this place.
 G = Mean time per level.
                   A        B        C        D        E       F      G
               +--------+--------+--------+--------+--------+-----+--------+
         Total |   1178 |   1149 |     29 |    440 |    394 |   2 |  589.0 |
       Dungeon |   1178 |   1149 |     29 |    440 |    394 |   2 |  589.0 |
               +--------+--------+--------+--------+--------+-----+--------+

Top non-repeatable levels by time:
     D:1: 1106 daAuts
     D:2: 72 daAuts
